Map: Whispers of Gold

Players

wootwoot - Winner!

  • Race: Zerg Zerg
  • League: Bronze
  • Spawn Location: 5:00

Eric

  • Race: Terran Terran
  • League: Bronze
  • Spawn Location: 9:00

VOD

Have the link to the VOD?

Description

Time

  • Played on: April 1, 2025, 3:15 p.m.
  • Length: 3:50
Show
View Real Time Build Order
Export as new Build Order

wootwoot Zerg - Winner!

Build Orders: Hatch First 

Get SALT Encoding   

  12  0:00  Drone  
  13  0:12  Overlord  
  13  0:17  Drone  
  14  0:31  Drone x2  
  16  0:49  Hatchery  
  15  0:51  Drone  
  15  0:55  Drone  
  17  0:58  Drone  
  17  1:01  Extractor  
  17  1:15  Spawning Pool  
  16  1:18  Drone  
  16  1:22  Drone  
  18  1:35  Drone  
  19  1:41  Overlord  
  19  2:02  Metabolic Boost  
  19  2:06  Queen x2  
  23  2:09  Zergling x2  
  23  2:12  Zergling x2  
  25  2:16  Zergling x2  
  25  2:20  Zergling x2  
  27  2:24  Zergling x2  
  27  2:27  Zergling x2  
  29  2:31  Zergling x2  
  30  2:37  Overlord  
  30  2:44  Overlord  
  30  2:51  Zergling x4  
  32  2:58  Zergling x4  
  34  3:07  Zergling x4  
  36  3:16  Zergling x2  
  36  3:17  Zergling x4  
  39  3:24  Zergling x4  
  41  3:30  Zergling x4  
  41  3:31  Zergling x2  
Show
View Real Time Build Order
Export as new Build Order

Eric Terran 

Build Orders:  

Get SALT Encoding   

  12  0:02  SCV  
  13  0:14  SCV  
  14  0:21  Supply Depot  
  14  0:32  Supply Depot  
  15  0:35  SCV  
  15  0:47  SCV  
  16  0:54  Refinery  
  16  0:59  SCV  
  16  1:02  Refinery  
  17  1:12  SCV  
  18  1:24  SCV  
  19  1:29  Barracks  
  19  1:36  SCV, Barracks  
  20  1:54  SCV  
  21  2:06  SCV  
  22  2:17  Marine  
  22  2:18  SCV  
  24  2:24  Marine  
  25  2:30  SCV  
  25  2:35  Marine  
  27  2:42  Marine  
  28  2:52  Marine  
  29  3:00  Marine  
  30  3:10  Marine  
  31  3:27  Supply Depot  
  31  3:32  Supply Depot  
Tags
 
Matchup
TvZ
Replay Pack
B2M-Replays
Spawn Locations
Cross Positions
Add a new tag
Caveats
  • Supply blocks, unpowered buildings, or Contaminate may cause inaccurate times.
  • Supply counts are checked every 10 seconds.